AoeStats
← T R A B U C O

African Clearing

504378175Analyzed
4v4 RM · 29d ago on Sep 5, 2026· 54m 10s· 8 players
Game mode
Random Map
Map size
Large (8 player)
Population
200
Speed
Normal
Resources
Standard
Victory
Conquest
Starting age
Dark Age
Ending age
Imperial Age
RankedLock teamsTeams togetherTeam positionsShared explorationLock speedFull tech treeHidden civsTurbo modeCheats
Victory
Defeat
🇧🇷 Vietnamese · Brazil
1289
+12
🇧🇷 Khmer · Brazil
1286
+12
🇧🇷 Portuguese · Brazil
1248
+13
🇧🇷 Franks · Brazil
1233
+14
🇺🇸 Bohemians · United States
1224
-14
🇲🇾 Vietnamese · Malaysia
1214
-13
🇲🇽 Maya · Mexico
1175
-12
🇨🇳 Franks · China
1164
-12
Tintagel
3:33 Loom
12:53 Feudal Age
13:50 Double-Bit Axe
15:37 Fletching
16:26 Padded Archer Armor
24:41 Castle Age
22:51 Gold Mining
22:51 Stone Mining
24:44 Crossbowman
26:50 Bodkin Arrow
42:20 Leather Archer Armor
42:27 Ballistics
45:27 Imperial Age
43:34 Town Watch
Chirp
4:29 Loom
14:11 Feudal Age
14:38 Arson
14:39 Man-at-Arms
16:37 Scale Mail Armor
18:37 Fletching
24:49 Town Watch
26:05 Horse Collar
27:23 Wheelbarrow
29:27 Double-Bit Axe
32:42 Castle Age
31:19 Padded Archer Armor
33:21 Forging
32:59 Pikeman
33:43 Squires
38:24 Chemistry
lord_nieto
3:29 Loom
12:50 Feudal Age
13:29 Double-Bit Axe
14:57 Gold Mining
17:38 Fletching
19:39 Padded Archer Armor
26:07 Castle Age
26:15 Crossbowman
26:59 Bodkin Arrow
37:18 Thumb Ring
37:32 Leather Archer Armor
40:56 Pikeman
44:28 Imperial Age
44:34 Onager
46:25 Arbalester
48:45 Chemistry
uu
4:31 Loom
15:56 Feudal Age
21:35 Castle Age
22:58 Wheelbarrow
24:05 Hand Cart
40:14 Gold Mining
41:31 Double-Bit Axe
44:25 Imperial Age
42:33 Gold Shaft Mining
41:50 Stone Mining
42:23 Bow Saw
46:10 Conscription
45:43 Cavalier
46:25 Husbandry
46:36 Chivalry
47:09 Forging
47:04 Scale Barding Armor
47:17 Paladin
49:29 Iron Casting
49:39 Chain Barding Armor
51:43 Hoardings
53:08 Blast Furnace
52:38 Fortified Wall
53:36 Plate Barding Armor
T R A B U C O
4:59 Loom
15:04 Feudal Age
19:53 Castle Age
18:05 Double-Bit Axe
19:15 Stone Mining
25:19 Wheelbarrow
28:33 Bloodlines
28:23 Husbandry
39:34 Imperial Age
37:16 Horse Collar
38:42 Heavy Plow
40:30 Gold Mining
42:32 Chemistry
43:22 Conscription
43:54 Cavalier
44:47 Heavy Scorpion
46:17 Gold Shaft Mining
46:17 Light Cavalry
47:38 Stone Shaft Mining
46:59 Hussar
49:27 Ballistics
51:38 Hand Cart
52:19 Scale Barding Armor
52:25 Forging
54:07 Chain Barding Armor
54:23 Iron Casting
BYD Carburado
4:47 Loom
13:16 Feudal Age
15:33 Scale Barding Armor
22:45 Forging
30:31 Castle Age
29:41 Gold Mining
29:45 Double-Bit Axe
37:30 Wheelbarrow
44:00 Imperial Age
44:06 Hand Cart
44:34 Husbandry
45:13 Iron Casting
45:00 Chain Barding Armor
48:12 Plate Barding Armor
48:39 Blast Furnace
47:40 Town Watch
48:38 Gold Shaft Mining
47:37 Cavalier
52:15 Conscription
52:43 Chivalry
grinchekill
11:13 Loom
13:53 Feudal Age
14:19 Town Watch
29:30 Fletching
30:51 Double-Bit Axe
30:49 Horse Collar
35:14 Castle Age
33:55 Gold Mining
34:15 Padded Archer Armor
36:14 Bow Saw
35:27 Crossbowman
38:07 Bodkin Arrow
40:37 Ballistics
41:49 Guard Tower
47:57 Stone Mining
50:14 Leather Archer Armor
51:32 Heavy Plow
52:13 Wheelbarrow
52:37 Thumb Ring
55:46 Imperial Age
53:41 Treadmill Crane
53:53 Heated Shot
Curupira
4:21 Loom
13:56 Feudal Age
18:38 Castle Age
28:34 Horse Collar
28:48 Double-Bit Axe
32:41 Wheelbarrow
35:11 Town Watch
41:25 Hand Cart
41:26 Circumnavigation
Connection lost

Rejoining the realm…

Still unreachable

The connection could not be restored.

Session expired

The server has moved on; the page needs a fresh start.